AoeStats
← Брат разраба

Arena

507923131Analyzed
4v4 RM · 10d ago on Sep 20, 2026· 41m 56s· 8 players
Game mode
Random Map
Map size
Large (8 player)
Population
200
Speed
Normal
Resources
Standard
Victory
Conquest
Starting age
Dark Age
Ending age
Imperial Age
RankedLock teamsTeams togetherTeam positionsShared explorationLock speedFull tech treeHidden civsTurbo modeCheats
Victory
Defeat
🇨🇳 Ethiopians · China
1047
+13
🇨🇳 Lithuanians · China
1019
+14
🇨🇳 Franks · China
974
+15
🇳🇿 Teutons · New Zealand
914
+18
🇲🇽 Vikings · Mexico
993
-16
979
-16
🇦🇷 Bengalis · Argentina
969
-15
🇹🇷 Sicilians · Türkiye
917
-13
panadero democratico
1:08 Loom
11:53 Feudal Age
16:03 Castle Age
13:56 Double-Bit Axe
14:07 Horse Collar
17:44 Heavy Plow
17:40 Town Watch
18:55 Bow Saw
24:42 Treadmill Crane
26:11 Gold Mining
26:12 Stone Mining
30:16 Imperial Age
28:06 Forging
28:02 Scale Barding Armor
27:58 Scale Mail Armor
28:09 Squires
29:26 Ballistics
30:01 Iron Casting
29:18 Fletching
29:30 Padded Archer Armor
31:23 Chain Mail Armor
30:49 Pikeman
31:24 Arson
31:25 Gambesons
32:47 Blast Furnace
32:19 Plate Mail Armor
33:09 Conscription
32:49 Chieftains
33:35 Gold Shaft Mining
35:12 Two-Man Saw
34:45 Crop Rotation
33:47 Elite Berserk
33:55 Crossbowman
35:17 Bodkin Arrow
35:37 Leather Archer Armor
36:34 Chemistry
35:33 Arbalester
37:01 Bogsveigar
37:39 Bracer
41:41 Ring Archer Armor
Брат разраба
9:53 Feudal Age
15:33 Castle Age
13:21 Loom
14:13 Double-Bit Axe
14:15 Horse Collar
14:30 Gold Mining
14:58 Stone Mining
18:49 Wheelbarrow
20:01 Fervor
23:27 Pikeman
24:10 Squires
25:02 Gambesons
25:31 Forging
25:22 Scale Mail Armor
27:14 Bow Saw
27:07 Heavy Plow
35:09 Imperial Age
33:36 Chain Mail Armor
35:10 Capped Ram
SillyFern495909
11:24 Feudal Age
9:48 Loom
16:13 Castle Age
14:29 Double-Bit Axe
15:03 Horse Collar
22:28 Wheelbarrow
21:43 Town Watch
23:57 Hand Cart
24:02 Bow Saw
23:59 Heavy Plow
28:49 Imperial Age
26:50 Scale Barding Armor
26:56 Forging
27:03 Gold Mining
28:28 Gold Shaft Mining
28:27 Chain Barding Armor
29:15 Iron Casting
29:23 Bloodlines
29:15 Husbandry
30:16 Plate Barding Armor
30:05 Elite Battle Elephant
32:07 Two-Man Saw
33:07 Blast Furnace
32:28 Stone Mining
35:29 Paiks
sonsehzadee
11:04 Feudal Age
18:03 Castle Age
16:07 Horse Collar
16:16 Double-Bit Axe
16:50 Gold Mining
16:55 Stone Mining
22:10 Wheelbarrow
22:32 Bow Saw
22:12 Loom
24:43 Hand Cart
25:07 Heavy Plow
26:56 Stone Shaft Mining
31:40 Imperial Age
30:06 Gold Shaft Mining
28:56 Man-at-Arms
29:22 Gambesons
29:38 Squires
29:23 Arson
29:59 Long Swordsman
30:44 Scale Mail Armor
30:55 Forging
32:19 Chain Mail Armor
32:40 Iron Casting
32:20 Two-Handed Swordsman
34:02 Conscription
33:51 Hauberk
33:39 Champion
34:54 Plate Mail Armor
35:25 Blast Furnace
35:14 Crop Rotation
vper1490
10:12 Feudal Age
12:14 Double-Bit Axe
14:46 Castle Age
12:45 Horse Collar
16:33 Bow Saw
24:51 Wheelbarrow
24:49 Loom
27:57 Imperial Age
26:12 Gold Mining
26:38 Scale Barding Armor
26:58 Hand Cart
26:51 Heavy Plow
26:57 Town Watch
27:54 Chain Barding Armor
28:07 Town Patrol
28:36 Forging
29:59 Husbandry
30:09 Bloodlines
30:05 Stone Mining
29:41 Elite Leitis
31:43 Treadmill Crane
33:06 Chemistry
33:34 Conscription
35:49 Plate Barding Armor
35:50 Iron Casting
adam
0:30 Loom
10:59 Feudal Age
11:27 Double-Bit Axe
17:20 Castle Age
15:37 Stone Mining
15:55 Horse Collar
17:47 Wheelbarrow
17:30 Fletching
18:26 Heavy Plow
19:23 Bow Saw
23:22 Gold Mining
23:54 Arson
25:35 Padded Archer Armor
26:00 Hand Cart
28:12 Stone Shaft Mining
27:36 Bodkin Arrow
27:55 Masonry
28:55 Ballistics
29:35 Scale Mail Armor
29:45 Forging
30:17 Fortified Wall
33:45 Imperial Age
31:59 Squires
31:21 Pikeman
32:41 Chain Mail Armor
35:18 Siege Engineers
35:43 Conscription
34:56 Man-at-Arms
35:22 Gambesons
36:18 Hoardings
36:17 Plate Mail Armor
36:22 Iron Casting
36:07 Capped Ram
36:43 Long Swordsman
37:40 Two-Handed Swordsman
40:09 Blast Furnace
39:06 Champion
41:49 Two-Man Saw
41:54 Chemistry
Kzzi
11:05 Feudal Age
11:35 Double-Bit Axe
14:07 Wheelbarrow
17:19 Castle Age
18:56 Bow Saw
23:50 Hand Cart
23:52 Gold Mining
26:03 Gold Shaft Mining
25:20 Stone Mining
28:10 Scale Barding Armor
28:16 Forging
30:40 Imperial Age
29:15 Chain Barding Armor
31:08 Iron Casting
32:05 Plate Barding Armor
32:17 Conscription
31:57 Chivalry
33:04 Blast Furnace
32:04 Cavalier
32:46 Husbandry
34:56 Chemistry
34:17 Ballistics
33:41 Paladin
38:09 Light Cavalry
w
5:30 Loom
11:26 Feudal Age
15:34 Castle Age
14:01 Horse Collar
14:39 Double-Bit Axe
16:57 Bow Saw
22:36 Gold Mining
22:59 Heavy Plow
25:53 Wheelbarrow
30:19 Imperial Age
28:28 Gold Shaft Mining
27:47 Crossbowman
29:41 Thumb Ring
29:30 Fletching
29:42 Padded Archer Armor
30:12 Hand Cart
30:28 Arbalester
31:18 Scale Mail Armor
31:23 Scale Barding Armor
31:20 Bodkin Arrow
31:32 Stone Mining
32:44 Two-Man Saw
32:44 Bracer
33:07 Ballistics
33:47 Chemistry
33:57 Stone Shaft Mining
33:44 Conscription
34:36 Chemistry
34:33 Husbandry
33:54 Heavy Camel Rider
34:49 Squires
35:08 Leather Archer Armor
36:32 Ring Archer Armor
36:13 Halberdier
37:04 Murder Holes
38:21 Forging
38:12 Scale Mail Armor
39:49 Iron Casting
40:40 Chain Mail Armor
Connection lost

Rejoining the realm…

Still unreachable

The connection could not be restored.

Session expired

The server has moved on; the page needs a fresh start.